 Dungeon Crawl Stone Soup version 0.30.0-5-g1a98f26d00 (webtiles) character file.

Game seed: 13536919431845149481

5126 Artemis2 the Covert (level 10, -3/36 (44) HPs)
             Began as a Spriggan Enchanter on May 9, 2023.
             Was an Elder of Elyvilon.
             Slain by a spectral unseen horror (6 damage)
             ... on level 9 of the Dungeon.
             The game lasted 00:55:34 (12124 turns).

Artemis2 the Covert (Spriggan Enchanter)           Turns: 12124, Time: 00:55:35

HP:   -3/36 (44)    AC:  5    Str:  4    XL:     10   Next: 32%
MP:   21/21         EV: 20    Int: 26    God:    Elyvilon [****..]
Gold: 89            SH:  0    Dex: 19    Spells: 14/22 levels left

rFire   . . .        B - +6 short sword
rCold   + . .        (no shield)
rNeg    . . .        b - +1 robe
rPois   .            (helmet restricted)
rElec   .            H - +1 cloak
rCorr   .            (gloves unavailable)
SInv    +            (boots unavailable)
Will    +....        t - amulet of Joqyep {rC+ Regen+ Int+2}
Stlth   ++++++       D - +6 ring of intelligence
HPRegen 1.06/turn    E - ring of wizardry
MPRegen 0.17/turn

%: wizardry (x1)
@: about to teleport, heavily drained, very quick
A: very small, no large weapons, unfitting armour, see invisible, speed 3
a: Renounce Religion, Purification, Heal Other, Heal Self


You were on level 9 of the Dungeon.
You worshipped Elyvilon.
Elyvilon was greatly pleased with you.
You visited 2 branches of the dungeon, and saw 10 of its levels.
You also visited: Sewer and Ossuary.

You collected 464 gold pieces.
You spent 375 gold pieces at shops.

Inventory:

Hand Weapons
 h - a +2 dagger of speed
 m - a +3 short sword of flaming
 y - a +2 dagger of freezing
 B - a +6 short sword (weapon)
Missiles
 d - 4 throwing nets (quivered)
 q - 49 poisoned darts
 s - 2 atropa-tipped darts
Armour
 b - a +1 robe (worn)
 H - a +1 cloak (worn)
 J - a +2 buckler
 M - +0 steam dragon scales
Jewellery
 e - a +6 ring of strength
 j - a ring of willpower
 r - an amulet of regeneration
 t - the amulet of Joqyep (around neck) {rC+ Regen+ Int+2}
   (You bought it in a shop on level 5 of the Dungeon)

   [amulet of regeneration]

   Int:       It affects your intelligence (+2).
   rC:        It protects you from cold.
   Regen:     It increases your rate of health regeneration.
 D - a +6 ring of intelligence (left hand)
 E - a ring of wizardry (right hand)
 G - a ring of positive energy
Wands
 a - a wand of iceblast (16)
 v - a wand of acid (3)
 A - a wand of digging (4)
 C - a wand of charming (10)
 L - a wand of flame (10)
Scrolls
 I - a scroll of magic mapping
Potions
 c - 2 potions of invisibility
 f - 2 potions of attraction
 g - a potion of lignification
 i - a potion of ambrosia
 k - 4 potions of curing
 l - 5 potions of magic {unknown}
 n - 6 potions of might
 o - 3 potions of heal wounds {unknown}
 p - a potion of cancellation {unknown}
 u - 2 potions of resistance
 w - 2 potions of haste {unknown}
 z - a potion of mutation {unknown}
 F - a potion of berserk rage {unknown}
Miscellaneous
 K - a piece from Xom's chessboard (15/15)


   Skills:
 - Level 0.4 Fighting
 * Level 6.0 Short Blades
 + Level 4.8 Dodging
 + Level 13.3 Stealth
 + Level 6.6 Spellcasting
 * Level 8.9 Hexes
 + Level 3.9 Ice Magic
 * Level 5.3 Invocations


You had 14 spell levels left.
You knew the following spells:

 Your Spells              Type           Power      Damage    Failure   Level
a - Ensorcelled Hibernat  Hex/Ice        84%        N/A       1%          2
b - Confusing Touch       Hex            53%        N/A       1%          3
c - Tukima's Dance        Hex            53%        N/A       1%          3

Your spell library contained the following spells:

 Spells                   Type           Power      Damage    Failure   Level
 Dazzling Flash           Conj/Hex       62%        N/A       1%          3
 Inner Flame              Hex/Fire       31%        N/A       1%          3
 Blink                    Tloc           16%        N/A       4%          2
 Lesser Beckoning         Tloc           16%        N/A       4%          2
 Momentum Strike          Conj/Tloc      16%        3d8       4%          2
 Poisonous Vapours        Pois/Air       16%        N/A       4%          2
 Gell's Gravitas          Tloc           8%         N/A       9%          3
 Mephitic Cloud           Conj/Pois/Air  8%         N/A       9%          3
 Teleport Other           Tloc           8%         N/A       9%          3
 Flame Wave               Conj/Fire      8%         2d5       26%         4
 Sticky Flame             Conj/Fire      8%         2d3       26%         4
 Freezing Cloud           Conj/Ice/Air   7%         6-21      38%         5
 Dispersal                Tloc           4%         N/A       98%         6


Dungeon Overview and Level Annotations

Branches:
Dungeon (9/15)             Temple (1/1) D:6           Sewer (visited)
Ossuary (visited)
   Lair: D:8-11         Orc: D:9-12

Altars:
Dithmenos
Elyvilon
Fedhas
Gozag
Hepliaklqana
Kikubaaqudgha
Makhleb
Nemelex Xobeh
Okawaru
Qazlal
Ru
Sif Muna
Trog
Uskayaw
Vehumet
Wu Jian
Xom
Yredelemnul
Zin
The Shining One

Shops:
D:5 *   D:7 :


Innate Abilities, Weirdness & Mutations

You are very small and have problems with some larger weapons.
You are too small for most types of armour.
You have supernaturally acute eyesight. (SInv)
You cover ground extremely quickly. (Speed+++)


Message History

You feel drained.
You hit the spectral unseen horror.
The spectral unseen horror is heavily damaged.
The unseen horror skeleton hits you!
* * * LOW HITPOINT WARNING * * *
The spectral unseen horror completely misses you.
The unseen horror skeleton misses you.
The spectral unseen horror barely misses you.
The unseen horror skeleton attacks as you move away!
The unseen horror skeleton hits you but does no damage.
The spectral unseen horror hits you.
* * * LOW HITPOINT WARNING * * *
The unseen horror skeleton barely misses you.
As you read the scroll of teleportation, it crumbles to dust.
You feel strangely unstable. The spectral unseen horror hits you.
* * * LOW HITPOINT WARNING * * *
You feel drained.
The unseen horror skeleton barely misses you.
The spectral unseen horror misses you.
The unseen horror skeleton hits you but does no damage.
The spectral unseen horror closely misses you.
The unseen horror skeleton hits you! Elyvilon protects you from harm!
The spectral unseen horror attacks as you move away!
The spectral unseen horror hits you.
* * * LOW HITPOINT WARNING * * *
You feel drained.
* * * LOW HITPOINT WARNING * * *
The unseen horror skeleton attacks as you move away!
The unseen horror skeleton barely misses you.
The spectral unseen horror closely misses you.
The unseen horror skeleton hits you but does no damage.
The spectral unseen horror attacks as you move away!
The spectral unseen horror barely misses you.
The unseen horror skeleton attacks as you move away!
The unseen horror skeleton barely misses you.
The spectral unseen horror misses you.
The spectral unseen horror attacks as you move away!
The spectral unseen horror hits you.
You die...

##..#..#.....#
#...#........#
#...#........#
#...#........#
#...#........#
#...#........#
#########...#####....#
........Z.#####......#
.......@ZZ.#..#......#
........ZZ.'..#......#
#..#######.'##########
. #.......'[#.......#
#.......'###......#
#.......'!?#......#
#.......#$$#......#
#......#####......#
####...#....##....#


You could see a spectral unseen horror, a hornet zombie, a wyvern skeleton, a
centaur skeleton and an unseen horror skeleton.

Vanquished Creatures
  Maurice (D:8)
  A hornet (D:8)
  Eustachio (D:5)
  A steam dragon (D:9)
  Menkaure (D:6)
  Duvessa (D:7)
  An orc warrior (D:6)
  2 ice beasts
  2 ogres
  4 centaurs
  A phantom (D:5)
  6 kobold brigands
  Blork the orc (D:6)
  2 bullfrogs
  A gnoll sergeant (D:8)
  3 scorpions
  12 wights
  3 killer bees
  Dowan (D:7)
  5 howler monkeys (D:8)
  A centaur zombie (Ossuary)
  2 hounds
  2 jellies
  Crazy Yiuf (D:2)
  An orc priest (D:3)
  The ghost of FelidPro the Gusty, a weakling FeAE (D:4)
  2 sleepcaps
  3 gnoll boudas
  Ijyb (D:5)
  Jessica (D:3)
  Natasha (thrice) (D:2)
  4 iguanas
  6 orc wizards
  2 mummies (D:4)
  22 gnolls
  13 adders
  7 river rats (Sewer)
  2 shadow imps
  4 ufetubi
  3 worms
  A dart slug (D:2)
  35 orcs
  12 ball pythons
  6 bats
  10 endoplasms
  9 giant cockroaches
  14 goblins
  8 hobgoblins
  35 kobolds
  4 quokkas
  7 frilled lizards
  28 rats
300 creatures vanquished.

Notes
Turn   | Place    | Note
-------+----------+-------------------------------------------
     0 | D:1      | Artemis2 the Spriggan Enchanter began the quest for the
                  | Orb.
     0 | D:1      | Reached XP level 1. HP: 9/9 MP: 5/5
   146 | D:1      | Reached XP level 2. HP: 13/13 MP: 6/6
   150 | D:1      | Learned a level 2 spell: Ensorcelled Hibernation
   482 | D:1      | Reached skill level 5 in Stealth
   986 | D:1      | Reached XP level 3. HP: 16/16 MP: 2/8
  1525 | D:2      | Reached skill level 6 in Stealth
  1694 | D:2      | Reached skill level 1 in Ice Magic
  1861 | D:2      | Noticed Natasha
  1876 | D:2      | Killed Natasha
  1877 | D:2      | Reached XP level 4. HP: 21/21 MP: 6/9
  1934 | D:2      | Noticed Natasha
  2055 | D:2      | Killed Natasha
  2160 | D:2      | Noticed Natasha
  2167 | D:2      | Killed Natasha
  2168 | D:2      | Reached XP level 5. HP: 24/24 MP: 7/10
  2241 | D:2      | Found a runed translucent door.
  2242 | D:2      | Noticed Crazy Yiuf
  2249 | D:2      | Killed Crazy Yiuf
  2250 | D:2      | Reached skill level 7 in Stealth
  2767 | D:3      | Noticed Jessica
  2912 | D:3      | Killed Jessica
  3404 | D:3      | Reached skill level 8 in Stealth
  3404 | D:3      | Reached XP level 6. HP: 16/28 MP: 0/12
  4608 | D:4      | Found a sand-covered staircase.
  4620 | Ossuary  | Entered an ossuary
  4684 | D:4      | Reached skill level 5 in Hexes
  4903 | D:4      | Found a runed translucent door.
  4904 | D:4      | Noticed FelidPro's ghost (weakling FeAE)
  5119 | D:4      | Found a white marble altar of Elyvilon.
  5181 | D:4      | Became a worshipper of Elyvilon the Healer
  5614 | D:4      | Reached XP level 7. HP: 30/32 MP: 10/13
  5627 | D:4      | Learned a level 3 spell: Confusing Touch
  5631 | D:4      | Learned a level 3 spell: Tukima's Dance
  6073 | D:4      | Reached skill level 9 in Stealth
  6171 | D:4      | Killed FelidPro's ghost
  6216 | D:5      | Entered Level 5 of the Dungeon
  6216 | D:5      | Reached * piety under Elyvilon
  6265 | D:5      | Noticed Ijyb
  6593 | D:5      | Reached skill level 1 in Invocations
  6709 | D:5      | Found a blossoming altar of Fedhas.
  6710 | D:5      | Found a sacrificial altar of Ru.
  6740 | D:5      | Found Pocu's Assorted Antiques.
  6746 | D:5      | Bought a pitted pewter amulet for 115 gold pieces
  6746 | D:5      | Identified the amulet of Joqyep {rC+ Regen+ Int+2} (You
                  | bought it in a shop on level 5 of the Dungeon)
  6764 | D:5      | Found a glowing silver altar of Zin.
  6816 | D:4      | Reached XP level 8. HP: 30/37 MP: 4/15
  7345 | D:5      | Reached skill level 10 in Stealth
  7383 | D:5      | Killed Ijyb
  7384 | D:5      | Reached skill level 5 in Spellcasting
  7407 | D:5      | Found a burning altar of Makhleb.
  7539 | D:6      | Noticed Blork the orc
  7539 | D:6      | Noticed Menkaure
  7539 | D:6      | Noticed Eustachio
  7548 | D:6      | Found an ancient bone altar of Kikubaaqudgha.
  7569 | D:5      | Killed Eustachio
  7586 | D:6      | Found an opulent altar of Gozag.
  7586 | D:6      | Found a bloodstained altar of Trog.
  7664 | D:6      | Killed Blork the orc
  7690 | D:6      | Found a staircase to the Ecumenical Temple.
  7694 | D:6      | Found a glowing drain.
  7711 | Sewer    | Entered a sewer
  8073 | Sewer    | Reached ** piety under Elyvilon
  8283 | Sewer    | Reached XP level 9. HP: 40/40 MP: 18/18
  8410 | Sewer    | Reached skill level 11 in Stealth
  8920 | D:6      | Found a sparkling altar of Nemelex Xobeh.
  9226 | Temple   | Entered the Ecumenical Temple
  9615 | D:6      | Killed Menkaure
  9616 | D:6      | Reached skill level 12 in Stealth
 10100 | D:7      | Found Uraat's Book Emporium.
 10103 | D:7      | Bought a book of Vapours for 260 gold pieces
 10223 | D:7      | Noticed Dowan
 10224 | D:7      | Noticed Duvessa
 10228 | D:7      | Reached *** piety under Elyvilon
 10233 | D:7      | Killed Duvessa
 10245 | D:7      | Killed Dowan
 10329 | D:8      | Reached skill level 5 in Short Blades
 10526 | D:8      | Reached XP level 10. HP: 44/44 MP: 20/20
 11178 | D:8      | Noticed Maurice
 11185 | D:8      | Killed Maurice
 11186 | D:8      | Reached skill level 13 in Stealth
 11282 | D:8      | Reached **** piety under Elyvilon
 11352 | D:8      | Reached skill level 5 in Invocations
 12121 | D:9      | Elyvilon protects you from harm!
 12124 | D:9      | Slain by a spectral unseen horror

Illustrated notes

Levels and vault maps discovered:
D:1:      dpeg_arrival_yet_another_circle, layout_loops_ring
D:2:      layout_rooms, uniq_crazy_yiuf_cottage, uniq_natasha
D:3:      layout_basic, uniq_jessica
D:4:      cheibrodos_old_hovel, layout_gridville, marbit_many_paths,
          nicolae_ossuary_entry_ruins, gammafunk_ghost_grave,
          corexii_checkpoint_a
D:5:      layout_cave_pools, lightli_temple_of_fire, zin_treasury,
          mainiacjoe_overflow_divided_tiny, serial_shops, shop, uniq_ijyb
D:6:      layout_rooms, mainiacjoe_overflow_alcove_1,
          grunt_temple_overflow_open, minmay_temple_entry_wispy,
          gup_sewer_entry_glass, uniq_blork_the_orc, uniq_menkaure,
          uniq_eustachio
D:7:      layout_basic, serial_shops, shop, uniq_duvessa
D:8:      layout_loops_ring, grunt_ministairs_14, uniq_maurice
D:9:      layout_grid_maze, hellmonk_bongcloud_opening, hangedman_weighted_door
Temple:   nicolae_temple_ecumenical_triangle

Skill      XL: |  1  2  3  4  5  6  7  8  9 10 |
---------------+-------------------------------+-----
Hexes          | 4 5 6 7 8 |  8.9
Stealth        | 5 6 8 9 10 12 13 | 13.3
Ice Magic      | 1 2 3 |  3.9
Spellcasting   | 3 4 5 6 |  6.6
Short Blades   | 2 3 5 6 |  6.0
Dodging        | 3 4 |  4.8
Invocations    | 1 3 4 5 |  5.3
Fighting       | |  0.4

Action                     |  1- 3 |  4- 6 |  7- 9 | 10-12 || total
---------------------------+-------+-------+-------+-------++-------
  Melee: Dagger            |    96 |   126 |       |       ||   222
         Short sword       |       |    31 |   366 |    59 ||   456
         Punch             |       |     2 |     1 |       ||     3
   Cast: Ensorcelled Hiber |    26 |    80 |    89 |    27 ||   222
         Confusing Touch   |       |       |     7 |       ||     7
  Evoke: Wand              |       |       |     1 |       ||     1
    Use: Scroll            |     2 |     5 |    11 |     2 ||    20
         Potion            |       |     1 |       |       ||     1
   Stab: Sleeping          |    35 |    47 |    86 |    22 ||   190
         Distracted        |       |     1 |     1 |     1 ||     3
         Confused          |       |       |     7 |       ||     7
 Armour: Robe              |     6 |     5 |    20 |     7 ||    38
  Dodge: Dodged            |    46 |    81 |   324 |    63 ||   514
